 Dungeon Crawl Stone Soup version 0.31-a0-700-gf13585253f (webtiles) character file.

Game seed: 171858020875577752

29 qw the Shooter (level 3, -1/21 HPs)
             Began as a Gargoyle Hunter on Sept 7, 2023.
             Slain by a hobgoblin (3 damage)
             ... led by Robin
             ... on level 1 of the Dungeon.
             The game lasted 00:00:17 (781 turns).

qw the Shooter (Gargoyle Hunter)                     Turns: 781, Time: 00:00:18

Health: -1/21      AC:  6    Str: 14    XL:     3   Next: 16%
Magic:  3/3        EV: 11    Int:  9    God:
Gold:   36         SH:  0    Dex: 15    Spells: 2/2 levels left

rFire   . . .        Y - +0 shortbow
rCold   . . .        (shield currently unavailable)
rNeg    + . .        c - +0 leather armour
rPois   inf          (no helmet)
rElec   +            (no cloak)
rCorr   .            (no gloves)
SInv    .            (no boots)
Will    .....        (no amulet)
Stlth   ++           (no ring)
HPRegen 0.23/turn    (no ring)
MPRegen 0.08/turn

%: no passive effects
@: no status effects
A: sickness immunity, AC +3, negative energy resistance 1, electricity
resistance, torment resistance 1, petrification resistance
a: no special abilities


You were on level 1 of the Dungeon.
You visited 1 branch of the dungeon, and saw 2 of its levels.

You collected 36 gold pieces.


Innate Abilities, Weirdness & Mutations

You are immune to sickness and miasma.
Your stone body is resilient. (AC +3)
You are immune to poison.
You resist negative energy. (rN+)
You are resistant to electric shocks. (rElec)
You are resistant to unholy torment.
You are immune to petrification.


   Skills:
 + Level 2.2 Fighting
 - Level 5.0 Ranged Weapons
 - Level 1.5 Dodging
 - Level 1.1 Stealth


You had 2 spell levels left.
You didn't know any spells.
Your spell library was empty.

Inventory:

Hand Weapons
 Y - a +0 shortbow (weapon)
Armour
 c - a +0 leather armour (worn)
Potions
 d - a potion of curing {unknown}
 f - a potion of magic {unknown}

Dungeon Overview and Level Annotations

Branches:
Dungeon (2/15)

Altars:

Annotations:
D:2 Robin


Message History

You start resting.
HP restored.
Partly explored, can't reach some places.
What level of the Dungeon? (default 2, ? - help)
You climb downwards.
Level annotation: Robin The hobgoblin hits you.
Robin roars a battlecry!
The goblins go into a battle-frenzy!
The hobgoblin closely misses you. The hobgoblin hits you.
The hobgoblin closely misses you.
There is a stone staircase leading up here.
774 ||| STAIRDANCE The hobgoblin barely misses you.
The hobgoblin misses you. The hobgoblin barely misses you.
The goblin hits you with a +0 dagger.
You climb upwards.
There is a stone staircase leading down here.
You shoot an arrow. The arrow barely misses the hobgoblin.
The hobgoblin closely misses you. The hobgoblin hits you.
The hobgoblin closely misses you. The goblin hits you but does no damage.
You shoot an arrow. The arrow hits the hobgoblin.
The hobgoblin is moderately wounded.
The hobgoblin closely misses you. The hobgoblin hits you.
The hobgoblin barely misses you. The goblin closely misses you.
You shoot an arrow. The arrow barely misses the hobgoblin.
The hobgoblin hits you but does no damage.
The hobgoblin hits you. x2; The goblin hits you but does no damage.
You shoot an arrow. The arrow hits the hobgoblin.
The hobgoblin is heavily wounded.
The hobgoblin misses you. The hobgoblin closely misses you.
The goblin hits you but does no damage. The hobgoblin closely misses you.
The hobgoblin hits you. The goblin hits you but does no damage.
The hobgoblin hits you. The hobgoblin misses you.
You shoot an arrow. The arrow hits the hobgoblin.
You kill the hobgoblin!
The hobgoblin closely misses you. x2; The goblin completely misses you.
You shoot an arrow.
The arrow completely misses the hobgoblin.
The hobgoblin closely misses you. The hobgoblin hits you.
You die...

##.# #.# #.##....###........
#.###.####)##......###...##.
#...........##......(###..#.
#..##.#####.##.....###......
#..##.#####.##...###......##
#........##.##.###...###..#
##.##.##.#...#.....###....##
#.##.....g#.....###........
#.##.....g@)..###:.........
#.#####.##g##...###.....#.#
#.# #...........###.).#.#
#.# ####.###......###...#
#.# #.#####.......)### #.#
#.....########## #.###
##..##.#
#.#.#####..##..#########
#.........###..........####


You could see 2 hobgoblins and a goblin (strong).

Vanquished Creatures
  3 endoplasms (D:1)
  A giant cockroach (D:1)
  6 goblins (D:1)
  5 hobgoblins (D:1)
  3 kobolds (D:1)
  2 quokkas (D:1)
  A ball python (D:1)
  A bat (D:1)
  2 frilled lizards (D:1)
24 creatures vanquished.

Notes
Turn   | Place    | Note
-------+----------+-------------------------------------------
     0 | D:1      | qw the Gargoyle Hunter began the quest for the Orb.
     0 | D:1      | Reached XP level 1. HP: 12/12 MP: 1/1
     0 | D:1      | 0 ||| qw: Version: 0.3-a-76-g4403597
     0 | D:1      | 0 ||| qw: Game counter: 603
     0 | D:1      | 0 ||| qw: Melee chars always use a shield: true
     0 | D:1      | 0 ||| qw: God list: Okawaru
     0 | D:1      | 0 ||| qw: Allow faded altars: false
     0 | D:1      | 0 ||| qw: Do Orc after clearing Dungeon:15 true
     0 | D:1      | 0 ||| qw: Do second Lair branch before Depths: true
     0 | D:1      | 0 ||| qw: Lair rune preference: random
     0 | D:1      | 0 ||| qw: Goals: Normal
     0 | D:1      | 0 ||| PLANNING D:1-11
   196 | D:1      | Reached XP level 2. HP: 17/17 MP: 2/2
   627 | D:1      | 627 ||| READING scroll labelled JIYNAGH PESMI.
   631 | D:1      | 631 ||| READING scroll labelled USORUKKAUKH.
   632 | D:1      | 632 ||| DROPPING scroll of butterflies.
   672 | D:2      | Noticed Robin
   673 | D:2      | 673 ||| STAIRDANCE
   694 | D:2      | 694 ||| STAIRDANCE
   697 | D:1      | HP: 4/17 [hobgoblin[Robin] (3)]
   699 | D:1      | Reached XP level 3. HP: 6/21 MP: 3/3
   703 | D:1      | Reached skill level 5 in Ranged Weapons
   774 | D:2      | 774 ||| STAIRDANCE
   779 | D:1      | HP: 4/21 [hobgoblin[Robin] (4)]
   779 | D:1      | HP: 1/21 [hobgoblin[Robin] (3)]
   781 | D:1      | Slain by a hobgoblin

Levels and vault maps discovered:
D:1:      denvon_arrival_planthouse, layout_loops_ring, minmay_unequal
D:2:      layout_basic, shapermc_ecumenical_altar_rom_forum, basic_altar,
          uniq_sigmund, uniq_robin

Skill      XL: |  1  2  3 |
---------------+----------+-----
Ranged Weapons | 5 |  5.0
Fighting       | |  2.2
Dodging        | |  1.5
Stealth        | |  1.1

Action                     || total
---------------------------++-------
   Fire: Shortbow          ||    72
    Use: Scroll            ||     2
 Armour: Leather armour    ||    57
  Dodge: Dodged            ||    46

Table legend:
 A = Non-vault XP
 B = Vault XP
 C = Vault XP percentage of total XP
 D = Non-vault monster count
 E = Vault monster count
 F = Vault count percentage of total count
                 A         B        C        D         E       F
            +---------+---------+-------+---------+---------+-------
      Total |      23 |      19 |  45.2 |      14 |      10 |  41.7
            +---------+---------+-------+---------+---------+-------
        D:1 |      23 |      19 |  45.2 |      14 |      10 |  41.7
            +---------+---------+-------+---------+---------+-------
